 Dungeon Crawl Stone Soup version 0.29.1-15-g9cfb28693d (webtiles) character file.

Game seed: 1826401717855532550

264 MacCMillion the Ruffian (level 5, 0/53 HPs)
             Began as a Troll Fighter on Feb 22, 2023.
             Slain by a gnoll
             ... wielding a +2 spear of freezing
              (8 damage)
             ... on level 4 of the Dungeon.
             The game lasted 00:04:10 (3163 turns).

MacCMillion the Ruffian (Troll Fighter)             Turns: 3163, Time: 00:04:10

Health: 0/53       AC:  4    Str: 24    XL:     5   Next: 98%
Magic:  4/4        EV:  8    Int:  6    God:
Gold:   279        SH:  7    Dex:  9    Spells: 4/4 levels left

rFire   . . .      SeeInvis .     - Unarmed
rCold   . . .      Faith    .   b - +0 kite shield
rNeg    . . .      Spirit   .   a - +0 robe
rPois   .          Reflect  .   (helmet restricted)
rElec   .          Harm     .   (no cloak)
rCorr   .          Rampage  .   (gloves unavailable)
Will    .....                   (boots unavailable)
Stlth   +.........              (no amulet)
HPRegen 0.97/turn               (no ring)
MPRegen 0.09/turn               (no ring)

@: no status effects
A: large, unfitting armour, claws 3, regeneration 1, shaggy fur 1, tough skin 1
a: no special abilities


You were on level 4 of the Dungeon.
You visited 1 branch of the dungeon, and saw 4 of its levels.

You collected 279 gold pieces.

Inventory:

Missiles
 f - 2 javelins (quivered)
 g - 6 silver javelins
 r - 3 curare-tipped darts
 u - a throwing net
 v - 7 poisoned darts
Armour
 a - a +0 robe (worn)
 b - a +0 kite shield (worn)
Jewellery
 q - a ring of magical power
 w - a ring of flight
Scrolls
 d - 4 scrolls of blinking {unknown}
 e - 2 scrolls of fear {unknown}
 h - 4 scrolls of identify {unknown}
 i - a scroll of torment {unknown}
 j - 3 scrolls of butterflies {unknown}
 l - 2 scrolls of teleportation {unknown}
 n - a scroll of enchant armour {unknown}
 o - a scroll of brand weapon {unknown}
 p - 4 scrolls of enchant weapon {unknown}
 s - 2 scrolls of acquirement {unknown}
 y - a scroll of amnesia {unknown}
 z - a scroll of immolation {unknown}
Potions
 c - 3 potions of might
 k - 3 potions of curing {unknown}
 m - a potion of heal wounds {unknown}
 t - a potion of ambrosia {unknown}
 x - 2 potions of attraction {unknown}
 A - a potion of flight {unknown}
 B - a potion of haste {unknown}


   Skills:
 + Level 3.5 Fighting
 - Level 2.4 Dodging
 + Level 3.8 Shields
 * Level 4.6 Unarmed Combat


You had 4 spell levels left.
You didn't know any spells.
Your spell library contained the following spells:

 Spells                   Type           Power      Damage    Failure   Level
 Foxfire                  Conj/Fire      0%         2x1d4     75%         1
 Ensorcelled Hibernation  Hex/Ice        0%         N/A       87%         2
 Conjure Flame            Conj/Fire      0%         6-21      98%         3
 Inner Flame              Hex/Fire       0%         N/A       98%         3
 Spider Form              Tmut/Pois      0%         N/A       98%         3
 Anguish                  Hex/Necr       0%         N/A       100%        4
 Flame Wave               Conj/Fire      0%         2d4       100%        4
 Summon Forest            Summ/Tloc      0%         N/A       100%        5
 Summon Mana Viper        Hex/Summ       0%         N/A       100%        5
 Summon Cactus Giant      Summ           0%         N/A       100%        6


Dungeon Overview and Level Annotations

Branches:
Dungeon (4/15)
 Temple: D:4-7

Altars:
Hepliaklqana
Okawaru

Shops:
D:1 *   D:3 :=


Innate Abilities, Weirdness & Mutations

You are too large for most types of armour.
You have claws for hands.
Your natural rate of healing is unusually fast.
You are covered in fur. (AC +1)
You have tough skin. (AC +1)


Message History

You closely miss the gnoll. You block the gnoll's attack.
You claw the gnoll!
You kill the gnoll!
The gnoll closely misses you.
The gnoll hits you from afar with a +2 spear of freezing!
The gnoll freezes you.
Items here: $ )) †.
You barely miss the gnoll. You block the gnoll's attack.
The gnoll hits you from afar with a +2 spear of freezing.
The gnoll freezes you.
You claw the gnoll!
You kill the gnoll!
The gnoll barely misses you.
The gnoll hits you with a +2 spear of freezing.
The gnoll freezes you.
Things that are here:
a +0 club; a gnoll corpse You closely miss the gnoll.
You block the gnoll's attack.
You barely miss the gnoll.
The gnoll hits you with a +2 spear of freezing!
The gnoll freezes you.
The gnoll hits you with a +2 spear of freezing.
* * * LOW HITPOINT WARNING * * *
The gnoll freezes you.
* * * LOW HITPOINT WARNING * * *
You are too injured to fight recklessly!
You are too injured to fight recklessly!
You scratch the gnoll.
The gnoll is heavily wounded.
You block the gnoll's attack.
You completely miss the gnoll.
The gnoll is heavily wounded.
The gnoll hits you with a +2 spear of freezing.
* * * LOW HITPOINT WARNING * * *
The gnoll freezes you.
* * * LOW HITPOINT WARNING * * *
You barely miss the gnoll.
The gnoll is heavily wounded.
The gnoll hits you with a +2 spear of freezing!
You die...

... #.. #.#
... #.#####.#
... #.......#
#.# #.... #.#
#.... #.#
######.... #g#
#......... #@#
#......... #)#
#........#
#.###
#..<.†####
#...# #.....#
#. ###.#
####### #.
##.###########
#.
#............#
#.
#..#.##.####.#
#. #....##.#
#.# #.


You could see a gnoll.

Vanquished Creatures
  A howler monkey (D:4)
  2 hounds (D:4)
  3 gnolls (D:4)
  3 adders
  2 worms
  5 orcs
  12 ball pythons
  6 endoplasms
  4 giant cockroaches
  10 hobgoblins
  12 jackals
  7 kobolds
  3 quokkas
  4 bats
  5 frilled lizards
  11 goblins
  4 rats
94 creatures vanquished.

Notes
Turn   | Place    | Note
-------+----------+-------------------------------------------
     0 | D:1      | MacCMillion the Troll Fighter began the quest for the Orb.
     0 | D:1      | Reached XP level 1. HP: 22/22 MP: 0/0
   263 | D:1      | Found a faded altar of an unknown god.
   267 | D:1      | Reached XP level 2. HP: 29/29 MP: 1/1
  1038 | D:1      | Found Maxzu's Assorted Antiques.
  1044 | D:1      | Reached XP level 3. HP: 36/36 MP: 2/2
  1257 | D:2      | Found Soikoxeosh's General Store.
  1338 | D:2      | Found a hazy altar of Hepliaklqana.
  1414 | D:2      | Reached skill level 3 in Unarmed Combat
  1748 | D:2      | You fall into a shaft and drop 2 floors!
  1762 | D:4      | Reached XP level 4. HP: 45/45 MP: 3/3
  2002 | D:3      | Found Hano's Book Boutique.
  2043 | D:3      | Reached XP level 5. HP: 53/53 MP: 4/4
  2070 | D:3      | Reached skill level 4 in Unarmed Combat
  2074 | D:3      | Found Botsus's Jewellery Boutique.
  3030 | D:4      | Found an iron altar of Okawaru.
  3163 | D:4      | Slain by a gnoll

Illustrated notes

Levels and vault maps discovered:
D:1:      kilobyte_arrival_exit_the_forest, layout_basic, serial_shops,
          nicolae_shop_temple_entry_statues_fountains,
          shapermc_ecumenical_altar_pompeii, nicolae_figureground_sparkle
D:2:      layout_loops_ring, serial_shops, shop_statue, basic_altar,
          grunt_decor_arrowhead, nrook_loot_triangle, minivault_5,
          item_on_display_a
D:3:      layout_basic, serial_shops, shop_coins,
          nicolae_shop_temple_entry_statues_fountains,
          kennysheep_generic_room_12
D:4:      layout_loops_cross, lemuel_crystal_altar

Skill      XL: |  1  2  3  4  5 |
---------------+----------------+-----
Shields        | 3 |  3.8
Unarmed Combat | 3 4 |  4.6
Fighting       | 3 |  3.5
Dodging        | |  2.4

Action                   |  1- 3 |  4- 6 || total
-------------------------+-------+-------++-------
Melee: Unarmed           |   118 |   141 ||   259
 Stab: Sleeping          |       |     1 ||     1
Armor: Robe              |    32 |    35 ||    67
Dodge: Dodged            |    51 |    47 ||    98
Block: Kite shield       |    28 |    47 ||    75
